 Dungeon Crawl Stone Soup version 0.29.1-15-g9cfb28693d (webtiles) character file.

Game seed: 18158517827355853267

66 Farfigtubin the Chopper (level 4, -6/40 HPs)
             Began as a Hill Orc Fighter on Mar 13, 2023.
             Mangled by an orc wizard
             ... wielding a +0 dagger of electrocution
              (15 damage)
             ... on level 3 of the Dungeon.
             The game lasted 00:10:18 (1973 turns).

Farfigtubin the Chopper (Hill Orc Fighter)          Turns: 1973, Time: 00:10:18

Health: -6/40      AC:  6    Str: 20    XL:     4   Next: 15%
Magic:  4/4        EV:  8    Int:  8    God:
Gold:   123        SH:  0    Dex: 10    Spells: 3/3 levels left

rFire   . . .      SeeInvis .   a - +0 war axe
rCold   . . .      Faith    .   j - +0 kite shield
rNeg    . . .      Spirit   .   b - +0 scale mail
rPois   .          Reflect  .   (no helmet)
rElec   .          Harm     .   (no cloak)
rCorr   .          Rampage  .   (no gloves)
Will    .....                   (no boots)
Stlth   ..........              (no amulet)
HPRegen 0.13/turn               (no ring)
MPRegen 0.09/turn               (no ring)

@: confused
A: no striking features
a: no special abilities


You were on level 3 of the Dungeon.
You visited 1 branch of the dungeon, and saw 3 of its levels.

You collected 123 gold pieces.

Inventory:

Hand Weapons
 a - a +0 war axe (weapon)
Missiles
 e - 26 stones (quivered)
 f - 2 atropa-tipped darts
 s - 4 poisoned darts
Armour
 b - a +0 scale mail (worn)
 j - a +0 kite shield (worn)
Wands
 r - a wand of mindburst (17)
Scrolls
 g - 2 scrolls of teleportation {unknown}
 k - a scroll of poison {unknown}
 l - a scroll of identify {unknown}
 m - a scroll of torment {unknown}
 o - a scroll of amnesia {unknown}
 p - a scroll of noise {unknown}
Potions
 c - a potion of magic {unknown}
 d - a potion of might
 h - 4 potions of degeneration {unknown}
 i - 2 potions of heal wounds {unknown}
 n - a potion of attraction {unknown}
 q - a potion of brilliance {unknown}


   Skills:
 + Level 4.2 Fighting
 * Level 4.5 Axes
 - Level 3.2 Armour
 + Level 3.9 Shields


You had 3 spell levels left.
You didn't know any spells.
Your spell library contained the following spells:

 Spells                   Type           Power      Damage    Failure   Level
 Freeze                   Ice            0%         1d3       98%         1
 Call Canine Familiar     Summ           0%         N/A       100%        3
 Frozen Ramparts          Ice            0%         1d1       100%        3
 Ozocubu's Armour         Ice            0%         N/A       100%        3
 Portal Projectile        Hex/Tloc       0%         N/A       100%        3
 Hailstorm                Conj/Ice       0%         3d3       100%        4
 Leda's Liquefaction      Hex/Erth       0%         N/A       100%        4
 Ozocubu's Refrigeration  Ice            0%         4d7       100%        7


Dungeon Overview and Level Annotations

Branches:
Dungeon (3/15)

Altars:


Message History

Found 6 stones.
The orc shouts!
Found 15 gold pieces.
A goblin comes into view. It is wielding a +0 dagger.
The rat closely misses you. The orc misses you. You block the rat's attack.
You block the rat's attack.
The orc wizard gestures wildly while chanting.
The orc wizard flickers and vanishes!
Deactivating autopickup; reactivate with Ctrl-A.
The orc attacks as you move away! You block the orc's attack.
You hit the orc.
The orc is moderately wounded.
You block the orc's attack.
You slash something!
You hear some strange, mumbled words.
You are confused.
You bump into the rock wall.
Something hits you but does no damage.
You miss something. Something hits you. Something hits you but does no damage.
You are electrocuted!!
Ouch! That really hurt!
You bump into the rock wall.
You hear some strange, mumbled words.
You are more confused.
You're too confused to move!
Something hits you.
You bump into the rock wall.
You hear some strange, mumbled words.
A magic dart appears from out of thin air!
The magic dart hits you.
You bump into the rock wall.
Something hits you.
* * * LOW HITPOINT WARNING * * *
You bump into the rock wall.
Something hits you.
* * * LOW HITPOINT WARNING * * *
You bump into the rock wall.
Something hits you but does no damage.
You bump into the rock wall.
Something hits you.
* * * LOW HITPOINT WARNING * * *
You bump into the rock wall.
Something hits you.
* * * LOW HITPOINT WARNING * * *
You are electrocuted!
You die...

########## #
......(..#
.........#
.........#
.........#
........o######
.......gor{@..#
.$......o####.#
.........#
#.#######
.........#
#.......#
...>.....#
#######.#
.........#
#...########
.........#
#.##........
##########
#.##.#######
#.##.###


You could see 3 orcs, a goblin and a rat.

Vanquished Creatures
  2 adders (D:2)
  A worm (D:2)
  2 dart slugs (D:1)
  3 ball pythons
  4 bats
  4 endoplasms
  A giant cockroach (D:1)
  4 goblins
  2 hobgoblins (D:2)
  4 jackals (D:2)
  5 kobolds (D:1)
  3 frilled lizards
  4 rats
39 creatures vanquished.

Vanquished Creatures (others)
  3 fungi (D:2)
  A plant (D:2)
4 creatures vanquished.

Grand Total: 43 creatures vanquished

Notes
Turn   | Place    | Note
-------+----------+-------------------------------------------
     0 | D:1      | Farfigtubin the Hill Orc Fighter began the quest for the
                  | Orb.
     0 | D:1      | Reached XP level 1. HP: 19/19 MP: 1/1
   185 | D:1      | Reached XP level 2. HP: 27/27 MP: 2/2
   477 | D:1      | Reached XP level 3. HP: 31/33 MP: 3/3
  1001 | D:2      | Found a faded altar of an unknown god.
  1396 | D:2      | Reached XP level 4. HP: 40/40 MP: 4/4
  1973 | D:3      | Mangled by an orc wizard

Illustrated notes

Levels and vault maps discovered:
D:1:      sevenhm_arrival_forest_fort_large_4, layout_rooms, st_stairs_10
D:2:      layout_loops_corners, shapermc_ecumenical_altar_gd, nicolae_titane
D:3:      layout_basic

Skill      XL: |  1  2  3 |
---------------+----------+-----
Axes           | 3 4 |  4.5
Fighting       | 4 |  4.2
Armour         | |  3.2
Shields        | |  3.9

Action                   |  1- 3 |  4- 6 || total
-------------------------+-------+-------++-------
Melee: War axe           |    73 |    26 ||    99
Throw: Stone             |       |     4 ||     4
Armor: Scale mail        |    20 |    13 ||    33
Dodge: Dodged            |    21 |     8 ||    29
Block: Buckler           |     7 |       ||     7
       Kite shield       |    17 |    12 ||    29
